Map: Newkirk Precinct TE (Void)

Players

Myran - Winner!

  • Race: Protoss Protoss
  • Spawn Location: 5:00

Pelden

  • Race: Zerg Zerg
  • Spawn Location: 7:00

VOD

Have the link to the VOD?

Description

Time

  • Played on: April 7, 2017, 4:52 p.m.
  • Length: 13:42
Show
View Real Time Build Order
Export as new Build Order

Myran Protoss - Winner!

Build Orders:  

Get SALT Encoding   

  12  0:02  Probe (Chrono Boost)  
  13  0:19  Probe (Chrono Boost)  
  13  0:20  Pylon  
  14  0:32  Probe (Chrono Boost)  
  15  0:42  Gateway  
  15  0:43  Probe (Chrono Boost)  
  15  0:48  Assimilator  
  16  0:53  Probe (Chrono Boost)  
  17  1:13  Probe (Chrono Boost)  
  17  1:15  Pylon  
  18  1:20  Assimilator  
  18  1:24  Probe (Chrono Boost)  
  19  1:36  Cybernetics Core  
  19  1:39  Forge  
  19  1:46  Probe (Chrono Boost)  
  20  1:56  Probe (Chrono Boost)  
  21  2:07  Probe (Chrono Boost)  
  22  2:17  Photon Cannon  
  22  2:19  Probe (Chrono Boost)  
  23  2:25  Pylon  
  23  2:26  Zealot  
  25  2:30  Probe (Chrono Boost)  
  26  2:45  Probe (Chrono Boost)  
  26  2:47  Stargate  
  27  3:04  Nexus  
  27  3:06  Probe (Chrono Boost)  
  28  3:13  Protoss Air Weapons Level 1  
  28  3:17  Probe (Chrono Boost)  
  29  3:24  Void Ray  
  33  3:51  Pylon  
  33  4:00  Stargate  
  34  4:04  Void Ray, Probe (Chrono Boost)  
  38  4:16  Probe (Chrono Boost)  
  39  4:20  Probe (Chrono Boost)  
  40  4:29  Assimilator  
  40  4:30  Probe (Chrono Boost)  
  40  4:31  Probe (Chrono Boost)  
  42  4:34  Assimilator  
  42  4:41  Probe x2 (Chrono Boost)  
  42  4:44  Void Ray  
  48  4:53  Void Ray  
  52  5:07  Probe (Chrono Boost)  
  53  5:16  Pylon  
  53  5:18  Probe (Chrono Boost)  
  54  5:21  Void Ray  
  59  5:30  Void Ray, Probe (Chrono Boost)  
  59  5:40  Pylon  
  59  5:42  Probe (Chrono Boost)  
  64  5:44  Protoss Air Armor Level 1  
  64  5:49  Pylon  
  64  5:54  Probe (Chrono Boost)  
  66  5:57  Probe (Chrono Boost)  
  66  5:59  Void Ray  
  66  6:06  Probe (Chrono Boost)  
  66  6:11  Void Ray  
  76  6:18  Probe (Chrono Boost)  
  76  6:22  Pylon  
  76  6:30  Probe (Chrono Boost)  
  77  6:36  Void Ray  
  77  6:44  Fleet Beacon  
  81  6:49  Void Ray  
  81  6:52  Probe (Chrono Boost)  
  86  7:04  Probe (Chrono Boost)  
  86  7:05  Pylon  
  87  7:15  Photon Cannon  
  87  7:18  Photon Cannon  
  87  7:19  Void Ray  
  87  7:20  Pylon  
  87  7:24  Pylon  
  87  7:27  Void Ray  
  95  7:39  Protoss Air Weapons Level 2  
  95  7:56  Void Ray  
  95  8:05  Void Ray  
  103  8:31  Robotics Facility  
  103  8:33  Pylon, Void Ray  
  103  8:36  Pylon  
  107  8:42  Void Ray  
  107  8:43  Pylon  
  107  8:47  Pylon  
  111  9:08  Graviton Catapult  
  111  9:10  Void Ray  
  115  9:19  Void Ray  
  115  9:29  Warp Prism  
  121  9:48  Void Ray  
  119  10:16  Void Ray  
  116  10:37  Void Ray  
  120  10:53  Void Ray  
  100  11:39  Void Ray x2, Nexus  
  108  12:16  Void Ray x2  
Show
View Real Time Build Order
Export as new Build Order

Pelden Zerg 

Build Orders: Hatch First 

Get SALT Encoding   

  12  0:01  Drone  
  13  0:13  Overlord  
  13  0:18  Drone  
  14  0:32  Drone x2  
  16  0:36  Drone  
  17  0:45  Drone  
  18  0:58  Hatchery  
  18  1:00  Drone  
  19  1:11  Drone  
  19  1:17  Spawning Pool  
  18  1:21  Drone  
  19  1:28  Drone  
  19  1:29  Extractor  
  19  1:39  Overlord  
  19  1:50  Drone  
  20  2:04  Queen  
  20  2:08  Drone  
  23  2:18  Roach Warren  
  23  2:19  Drone  
  23  2:20  Drone  
  23  2:22  Drone  
  25  2:42  Drone x2  
  25  2:43  Drone  
  28  2:51  Hatchery  
  27  2:56  Queen  
  27  2:57  Overlord  
  29  3:00  Drone x2  
  31  3:14  Drone x2  
  31  3:18  Drone x2, Extractor  
  34  3:26  Drone  
  35  3:27  Lair, Overlord  
  35  3:37  Roach  
  35  3:38  Roach  
  39  3:42  Roach x2  
  39  3:47  Drone  
  44  3:49  Drone  
  45  4:01  Drone x2  
  47  4:07  Drone  
  48  4:16  Drone  
  48  4:17  Queen  
  49  4:18  Spine Crawler  
  49  4:20  Drone x3  
  49  4:21  Spore Crawler  
  49  4:22  Drone  
  53  4:30  Drone  
  54  4:34  Roach x2  
  54  4:38  Overlord x3  
  58  4:45  Extractor  
  57  4:50  Drone  
  57  4:51  Overlord  
  57  4:52  Overlord  
  58  4:56  Roach  
  58  4:57  Roach x5  
  70  5:05  Drone  
  71  5:09  Roach x2  
  71  5:10  Roach x2  
  79  5:21  Drone x3  
  81  5:22  Drone  
  81  5:23  Drone  
  81  5:24  Drone  
  81  5:26  Drone x2  
  87  5:30  Extractor  
  87  5:31  Drone  
  87  5:32  Spore Crawler  
  87  5:33  Drone x2  
  87  5:35  Roach x2  
  92  5:40  Drone x2  
  92  5:41  Glial Reconstitution  
  94  5:47  Drone, Evolution Chamber  
  94  5:49  Drone  
  95  5:54  Drone, Extractor  
  95  5:58  Roach  
  97  6:12  Drone  
  97  6:14  Overlord x2  
  98  6:20  Extractor  
  97  6:30  Hatchery  
  97  6:31  Roach  
  98  6:34  Spore Crawler  
  98  6:36  Roach x2  
  98  6:37  Zerg Missile Weapons Level 1  
  101  6:44  Hydralisk Den  
  100  6:48  Roach x7  
  100  6:50  Overlord x2  
  114  7:06  Overlord  
  114  7:07  Overlord  
  114  7:23  Roach x2  
  114  7:24  Roach  
  120  7:36  Roach  
  126  7:37  Roach x7  
  126  7:38  Roach x4, Hydralisk  
  126  7:39  Overlord  
  126  7:41  Overlord  
  146  7:56  Burrow  
  146  8:01  Muscular Augments  
  146  8:04  Pneumatized Carapace  
  146  8:11  Hydralisk x4  
  146  8:12  Hydralisk x7  
  160  8:14  Overlord  
  168  8:31  Overlord  
  168  8:32  Queen  
  170  8:48  Hydralisk  
  170  8:49  Hydralisk x6  
  170  8:52  Overlord x3  
  170  8:55  Zerg Ground Armor Level 1  
  184  9:08  Overseer  
  184  9:44  Hatchery  
  183  9:57  Hydralisk x10  
  183  9:58  Hydralisk x5  
  157  10:07  Spire  
  96  10:22  Hydralisk  
  96  10:23  Hydralisk x3  
  98  10:34  Hydralisk x8  
  112  10:41  Drone  
  113  10:49  Hydralisk  
  113  10:50  Hydralisk  
  117  11:00  Hydralisk x2  
  95  11:12  Hydralisk x2  
  95  11:14  Hydralisk  
  81  11:31  Corruptor x2  
  81  11:38  Corruptor  
  79  11:40  Drone x2  
  79  11:42  Extractor  
  69  11:50  Zergling x2  
  69  11:51  Zergling x10  
  75  11:58  Corruptor  
  75  11:59  Corruptor  
  76  12:11  Spawning Pool  
  72  12:21  Drone  
  56  12:46  Drone  
  51  12:59  Hatchery  
  17  13:33  Hatchery  
Tags
 
Add a new tag
Caveats
  • Supply blocks, unpowered buildings, or Contaminate may cause inaccurate times.
  • Supply counts are checked every 10 seconds.